[Event "21th IPCA World Individual Chp."]
[Site "followchess.com"]
[Date "2022.05.14"]
[Round "7"]
[White "Yarmonov, Igor"]
[Black "Mikheev, Stanislav"]
[Result "0-1"]
[WhiteElo "2394"]
[BlackElo "2333"]
[ECO "A45"]
[WhiteFed "UKR"]
[BlackFed "SRB"]
[FCGameId "-63164274"]
[WhiteFideId "14114496"]
[BlackFideId "4135920"]
[TimeControl "5400+30"]

1. d4 Nf6 2. Bf4 c5 3. dxc5 Na6 4. c4 g6 5. Nc3 Nxc5 6. b4 Nce4 7. Nxe4 Nxe4 8. Qd4 Nf6 9. Bd2 Bg7 10. Bc3 O-O 11. e4 b6 12. f3 d6 13. Qd2 Be6 14. Rc1 Rc8 15. Bd4 Rc7 16. Rc3 Qc8 17. Qc1 Qb7 18. Bd3 Nd7 19. Bxg7 Kxg7 20. f4 f5 21. Qe3 Nf6 22. exf5 Qxg2 23. Qf3 Qb2 24. Ne2 gxf5 25. O-O Qxb4 26. h3 Kh8 27. Kh2 Rg8 28. Rcc1 Qc5 29. Ng3 Bc8 30. Qe2 Bb7 31. Rg1 Qd4 32. Rcf1 e6 33. Qxe6 Rcg7 34. Qe2 Nh5 35. Be4 Nxg3 36. Rxg3 Bxe4 37. Rfg1 0-1

[Event "21th IPCA World Individual Chp."]
[Site "followchess.com"]
[Date "2022.05.14"]
[Round "7"]
[White "Campos, Eugenio"]
[Black "Gurbanov, Andrei"]
[Result "0-1"]
[WhiteElo "2247"]
[BlackElo "2302"]
[ECO "C63"]
[WhiteFed "ANG"]
[BlackFed "ISR"]
[FCGameId "-1140312609"]
[WhiteFideId "10100156"]
[BlackFideId "13503391"]
[TimeControl "5400+30"]

1. e4 e5 2. Nf3 Nc6 3. Bb5 f5 4. d3 fxe4 5. dxe4 Nf6 6. O-O Bc5 7. Bg5 d6 8. Nc3 O-O 9. Nd5 Kh8 10. Nh4 Be6 11. c3 Ne7 12. Nxe7 Qxe7 13. b4 Bb6 14. a4 a5 15. Bd3 Qf7 16. Be3 Bb3 17. Bc2 Bxc2 18. Qxc2 Bxe3 19. fxe3 Qc4 20. bxa5 Rxa5 21. Rab1 Qxa4 22. Qxa4 Rxa4 23. Rxb7 Rc4 24. g4 g6 25. g5 Nd7 26. Rc1 Rf7 27. Rb4 Rc6 28. Kg2 Nc5 29. Rb8+ Kg7 30. Ra1 Ne6 31. Nf3 Rxc3 32. Raa8 Rf8 33. Re8 Rxe8 34. Rxe8 Kf7 0-1

[Event "21th IPCA World Individual Chp."]
[Site "followchess.com"]
[Date "2022.05.14"]
[Round "7"]
[White "Lipilin, Ilia"]
[Black "Alperovich, Asher"]
[Result "1-0"]
[WhiteElo "2198"]
[BlackElo "1865"]
[ECO "A03"]
[WhiteFed "RUS"]
[BlackFed "ISR"]
[FCGameId "989141406"]
[WhiteFideId "54113245"]
[BlackFideId "2803275"]
[TimeControl "5400+30"]

1. f4 d5 2. Nf3 Nf6 3. d3 b6 4. g3 Bb7 5. Bg2 g6 6. c3 Bg7 7. O-O c5 8. e4 dxe4 9. Ng5 O-O 10. Nxe4 Nc6 11. Be3 Qd7 12. Na3 Rad8 13. Nxf6+ Bxf6 14. Qa4 Na5 15. Qxd7 Rxd7 16. Be4 Rfd8 17. Rab1 Ba6 18. c4 Bb7 19. Rfe1 Nc6 20. Nc2 Kg7 21. Kf2 Kf8 22. a3 a5 23. b3 e6 24. Red1 Bc3 25. Ke2 f5 26. Bf3 Kf7 27. Bf2 Ba8 28. Be1 Bxe1 29. Bxc6 Bxc6 30. Nxe1 Kf6 31. b4 axb4 32. axb4 Ra8 33. b5 Bb7 34. Ra1 Rdd8 35. Ke3 e5 36. Nc2 Rxa1 37. Rxa1 Ra8 38. Rxa8 Bxa8 39. Na3 h6 40. 
Nb1 g5 41. Nc3 h5 42. Na4 h4 43. Nxb6 1-0

[Event "21th IPCA World Individual Chp."]
[Site "followchess.com"]
[Date "2022.05.14"]
[Round "7"]
[White "Babanov, Aleksandr"]
[Black "Srimskov, Elishar"]
[Result "1-0"]
[WhiteElo "1929"]
[BlackElo "1992"]
[ECO "A01"]
[WhiteFed "RUS"]
[BlackFed "ISR"]
[FCGameId "1964606906"]
[WhiteFideId "24117412"]
[BlackFideId "2807254"]
[TimeControl "5400+30"]

1. b3 Nf6 2. Bb2 e6 3. e3 d5 4. Nf3 Nbd7 5. g3 Be7 6. Bg2 O-O 7. O-O Ne4 8. d3 Bf6 9. c3 Nd6 10. h4 Re8 11. Nh2 c6 12. Ng4 e5 13. e4 Nb6 14. Nxf6+ Qxf6 15. c4 dxc4 16. dxc4 c5 17. Nc3 Be6 18. Qxd6 1-0

[Event "21th IPCA World Individual Chp."]
[Site "followchess.com"]
[Date "2022.05.14"]
[Round "7"]
[White "Mekus, Manuela"]
[Black "Valenta, Vit Vaclav"]
[Result "0-1"]
[WhiteElo "1644"]
[BlackElo "2014"]
[ECO "B40"]
[WhiteFed "GER"]
[BlackFed "CZE"]
[FCGameId "536101282"]
[WhiteFideId "16202562"]
[BlackFideId "307440"]
[TimeControl "5400+30"]

1. e4 c5 2. Nf3 e6 3. d3 Nc6 4. g3 g6 5. Bg2 Bg7 6. O-O Nge7 7. Nbd2 O-O 8. c3 b6 9. Re1 Bb7 10. Nc4 d5 11. Ncd2 Qc7 12. Nf1 Rad8 13. Qe2 Ba6 14. Bf4 e5 15. Bg5 dxe4 16. Qxe4 Bxd3 17. Qa4 h6 18. Be3 Nf5 19. N3d2 Nce7 20. Ne4 Nxe3 21. Rxe3 f5 22. Rxd3 Rxd3 23. Qc4+ Rd5 24. Ned2 e4 25. Ne3 Qe5 26. Nxd5 Qxd5 27. Bf1 Kh7 28. Qxd5 Nxd5 29. Bc4 Rd8 30. Nf1 Nc7 31. Ne3 b5 32. Bf1 h5 33. Rd1 Rxd1 34. Nxd1 Bh6 35. Ne3 Kg7 36. Ng2 a5 37. Ne1 Bc1 38. c4 bxc4 39. Bxc4 Bxb2 40. Nc2 Bd4 41. Kf1 Ne8 42. Ke2 Nd6 43. Bd5 Nb5 44. Ke1 Nc3 45. Be6 Kf6 46. Bg8 g5 47. Bc4 h4 48. Ne3 Bxe3 49. fxe3 hxg3 50. hxg3 Ke5 51. Kd2 Nd5 52. a3 f4 53. exf4+ gxf4 54. gxf4+ Nxf4 55. Kc3 Nd5+ 56. Kb3 Kd4 57. Bf1 Nc3 58. Ba6 a4+ 0-1

[Event "21th IPCA World Individual Chp."]
[Site "followchess.com"]
[Date "2022.05.14"]
[Round "7"]
[White "Cosic, Radoslav"]
[Black "Shapiro, Benny"]
[Result "0-1"]
[WhiteElo "2003"]
[BlackElo "1884"]
[ECO "A04"]
[WhiteFed "CRO"]
[BlackFed "ISR"]
[FCGameId "123364224"]
[WhiteFideId "14504367"]
[BlackFideId "2801582"]
[TimeControl "5400+30"]

1. Nf3 e6 2. b3 Nf6 3. Bb2 d5 4. e3 Be7 5. Ne5 O-O 6. f4 c5 7. Nc3 d4 8. Ne2 dxe3 9. dxe3 Ne4 10. Qd3 Qa5+ 11. c3 f5 12. Nc4 Qc7 13. a4 b6 14. Qc2 Bb7 15. Ne5 Nd7 16. Nf3 e5 17. c4 exf4 18. Nxf4 Qc6 19. Nd5 Rae8 20. Bd3 Bf6 21. O-O Bxb2 22. Qxb2 Ndf6 23. Ne5 Qe6 24. Nxf6+ Qxf6 25. a5 Qxe5 26. Qc2 Rf6 27. axb6 Rh6 28. h3 axb6 29. Ra7 Bc6 30. Rf4 g5 31. Rf3 g4 32. Rf4 gxh3 33. gxh3 Rxh3 34. Bf1 Rxe3 35. Qh2 Rg3+ 36. Bg2 Rg7 37. Rxg7+ Qxg7 38. Qh5 Nf6 0-1

[Event "21th IPCA World Individual Chp."]
[Site "followchess.com"]
[Date "2022.05.14"]
[Round "7"]
[White "Pilimon, Zbigniew"]
[Black "Oliel, Yehonatan"]
[Result "1-0"]
[WhiteElo "1620"]
[BlackElo "1535"]
[ECO "E80"]
[WhiteFed "POL"]
[BlackFed "ISR"]
[FCGameId "1432905900"]
[WhiteFideId "1110489"]
[BlackFideId "2834928"]
[TimeControl "5400+30"]

1. d4 Nf6 2. c4 g6 3. Nc3 Bg7 4. e4 d6 5. f3 Nbd7 6. Bd3 O-O 7. Be3 Re8 8. Qd2 c5 9. Nge2 Nf8 10. Bh6 cxd4 11. Nd5 e5 12. Bxg7 Kxg7 13. O-O Ne6 14. b4 b5 15. Rac1 bxc4 16. Bxc4 Bb7 17. Nxf6 Qxf6 18. Rc2 Rec8 19. Rfc1 a5 20. Bd5 Rxc2 21. Rxc2 Bxd5 22. exd5 Nf8 23. b5 Nd7 24. Rc6 Nc5 25. Ng3 Qe7 26. b6 h6 27. f4 exf4 28. Qxd4+ Qe5 29. Qxe5+ dxe5 30. Rxc5 fxg3 31. b7 gxh2+ 32. Kxh2 Rb8 33. Rc7 e4 34. d6 e3 35. Kg1 g5 36. Kf1 Kf6 37. d7 1-0

[Event "21th IPCA World Individual Chp."]
[Site "followchess.com"]
[Date "2022.05.14"]
[Round "7"]
[White "Freiberg, Doron"]
[Black "Klein, Djimmy"]
[Result "0-1"]
[WhiteElo "1244"]
[BlackElo "1392"]
[ECO "A49"]
[WhiteFed "ISR"]
[BlackFed "FRA"]
[FCGameId "-1089575487"]
[WhiteFideId "2841312"]
[BlackFideId "20669445"]
[TimeControl "5400+30"]

1. d4 Nf6 2. Nf3 g6 3. g3 Bg7 4. Bg2 O-O 5. O-O d6 6. Re1 c6 7. e4 Nbd7 8. Bf4 Qb6 9. Bc1 Re8 10. b3 Qc7 11. Bb2 Nb6 12. e5 dxe5 13. dxe5 Nfd7 14. Na3 Nc5 15. Rb1 Bd7 16. Bd4 Ne6 17. Bb2 Rad8 18. Qe2 f6 19. Rbd1 a5 20. 
Nc4 Nd5 21. Nh4 b5 22. Bxd5 cxd5 23. exf6 exf6 24. Ne3 Ng5 25. Qd3 Bc6 26. Ng4 Rxe1+ 27. Rxe1 d4 28. Bc1 Nh3+ 29. Kf1 b4 30. Qc4+ Kh8 31. Re6 Rc8 32. Nxf6 Qf7 33. Ng4 Bd7 34. Qa6 Bxe6 35. f4 Rxc2 36. Qa8+ Rc8 37. Qxa5 Bxg4 38. Bd2 Qe7 39. Qb5 Rc2 40. Qb8+ Bc8 41. Nf3 Qe8 42. Qxb4 Rxa2 43. Nxd4 Ra1+ 44. Kg2 Qe4+ 45. Nf3 Rg1# 0-1

[Event "21th IPCA World Individual Chp."]
[Site "followchess.com"]
[Date "2022.05.14"]
[Round "7"]
[White "Shchukina, Ekaterina"]
[Black "Volodarsky, Michael"]
[Result "1/2-1/2"]
[WhiteElo "1496"]
[BlackElo "1400"]
[ECO "C17"]
[WhiteFed "RUS"]
[BlackFed "ISR"]
[FCGameId "726449155"]
[WhiteFideId "34103055"]
[BlackFideId "2814366"]
[TimeControl "5400+30"]

1. e4 e6 2. d4 d5 3. Nc3 Bb4 4. e5 c5 5. Qg4 Ne7 6. a3 cxd4 7. axb4 dxc3 8. Qxg7 Rg8 9. Qxh7 Qc7 10. f4 Nbc6 11. 
Nf3 Nxb4 12. Bb5+ Bd7 13. Bxd7+ Kxd7 14. O-O Rh8 15. Qxf7 Raf8 16. Qg7 Nxc2 17. Rb1 Rhg8 18. Qh7 Qc5+ 19. Kh1 Qc4 20. Rf2 Rg6 1/2-1/2

[Event "21th IPCA World Individual Chp."]
[Site "followchess.com"]
[Date "2022.05.13"]
[Round "6"]
[White "Gurbanov, Andrei"]
[Black "Yarmonov, Igor"]
[Result "1/2-1/2"]
[WhiteElo "2302"]
[BlackElo "2394"]
[ECO "D36"]
[WhiteFed "ISR"]
[BlackFed "UKR"]
[FCGameId "1530336414"]
[WhiteFideId "13503391"]
[BlackFideId "14114496"]
[TimeControl "5400+30"]

1. d4 d5 2. c4 e6 3. Nc3 Nf6 4. cxd5 exd5 5. Bg5 c6 6. Qc2 Nbd7 7. e3 Be7 8. Bd3 h6 9. Bf4 O-O 10. h3 b6 11. Nf3 c5 12. O-O Bb7 13. Rad1 c4 14. Bf5 a6 15. a4 Bb4 16. Na2 Be7 17. Nc3 Bb4 18. Na2 Be7 19. Ne5 b5 20. b3 Nb6 21. bxc4 Nxc4 22. Qb3 Nd6 23. Bd3 Qa5 1/2-1/2

[Event "21th IPCA World Individual Chp."]
[Site "followchess.com"]
[Date "2022.05.13"]
[Round "6"]
[White "Obodchuk, Andrei"]
[Black "Campos, Eugenio"]
[Result "1-0"]
[WhiteElo "2295"]
[BlackElo "2247"]
[ECO "A15"]
[WhiteFed "RUS"]
[BlackFed "ANG"]
[FCGameId "375636009"]
[WhiteFideId "4114310"]
[BlackFideId "10100156"]
[TimeControl "5400+30"]

1. Nf3 Nf6 2. c4 c5 3. Nc3 Nc6 4. d4 cxd4 5. Nxd4 g6 6. e4 d6 7. Be2 Bg7 8. Be3 O-O 9. O-O Bd7 10. Qd2 a6 11. f3 Rc8 12. Nc2 Be6 13. Rac1 Re8 14. Nd5 Nd7 15. b3 Qa5 16. Qxa5 Nxa5 17. Nf4 Bh6 18. Kf2 Nc6 19. h4 Nc5 20. g4 Ne5 21. g5 Bg7 22. Rfd1 Bd7 23. Nd5 Be6 24. Bf1 Nc6 25. Nf4 Be5 26. Nd3 Nxd3+ 27. Bxd3 f5 28. exf5 Bxf5 29. f4 Rf8 30. Kg3 Bb2 31. Rb1 Bc3 32. Bxf5 Rxf5 33. Rd3 Bg7 34. Nd4 Bxd4 35. Bxd4 Rcf8 36. Be3 b5 37. cxb5 axb5 38. Bd2 Ra8 39. Rb2 Kf7 40. Kg4 Ra6 41. h5 b4 42. hxg6+ hxg6 43. Be3 Rfa5 44. Rdd2 Ke6 45. Rh2 Rd5 46. Rbe2 Kf7 47. Rh7+ Kg8 48. Rh6 Kg7 49. Bc1 Rd1 50. Bb2+ Kf7 51. Rh7+ Kf8 52. Rh8+ Kf7 53. Rc8 Rg1+ 54. Kf3 Rf1+ 55. Kg3 Rg1+ 56. Kf2 Rh1 57. Kg2 Rb1 58. Bh8 Rc1 59. Rc7 Rc5 60. Bf6 Rca5 61. Bxe7 Rxa2 62. Bxd6+ Kg8 63. Rxa2 Rxa2+ 64. Kf3 Nd4+ 65. Ke4 Nxb3 66. Be5 Nd2+ 67. Kd3 b3 68. Rb7 Nf3 69. Bc3 Ra4 70. f5 Nxg5 71. fxg6 Ra8 72. Bf6 Ne6 73. Ke3 Re8 74. Kd2 Rf8 75. Bc3 Rd8+ 76. Kc1 Nd4 77. Kb2 Rd6 78. Rb8+ Kg7 79. Rb4 Kxg6 80. Bxd4 Kf5 81. Kxb3 Rd5 82. Kc3 Ke4 83. Rb8 Rd7 84. Re8+ Kf3 85. Kd3 Rd6 86. Rf8+ Kg4 87. Ke4 Re6+ 88. Be5 Re7 89. Rg8+ Kh3 90. Kf3 1-0

[Event "21th IPCA World Individual Chp."]
[Site "followchess.com"]
[Date "2022.05.13"]
[Round "6"]
[White "Mikheev, Stanislav"]
[Black "Babanov, Aleksandr"]
[Result "1/2-1/2"]
[WhiteElo "2333"]
[BlackElo "1929"]
[ECO "A40"]
[WhiteFed "SRB"]
[BlackFed "RUS"]
[FCGameId "-1471381777"]
[WhiteFideId "4135920"]
[BlackFideId "24117412"]
[TimeControl "5400+30"]

1. d4 g6 2. c4 Bg7 3. Nf3 d6 4. Nc3 Nd7 5. e4 e5 6. Bg5 Ne7 7. Qd2 exd4 8. Nxd4 Nf6 9. Be2 Bd7 10. O-O-O h6 11. Bf4 Ng4 12. Bxg4 Bxg4 13. f3 Bd7 14. Rhe1 g5 15. Bg3 O-O 16. h4 Ng6 17. hxg5 Qxg5 18. Nde2 Qxd2+ 19. Rxd2 Be6 20. Nd5 Bxd5 21. Rxd5 Ne7 22. Rb5 b6 23. Bh4 Ng6 24. Bf2 Ne5 25. Kc2 Nxc4 26. Bd4 Ne5 27. f4 Nc6 28. Bxg7 Kxg7 29. Kc3 Rae8 30. Ng3 Re6 31. Rh5 Rh8 32. Nf5+ Kf8 33. g4 Ne7 34. Kd3 Nd5 35. Rf1 Nf6 36. Rxh6 Rxh6 37. Nxh6 Nxe4 38. g5 Nc5+ 39. Kd2 d5 40. Ng4 Ne4+ 41. Kc2 c5 42. Rh1 Kg7 43. Rh3 d4 44. Nh6 c4 45. Nf5+ Kg8 46. Nxd4 Rd6 47. Nf5 Rd2+ 48. Kc1 Rf2 49. Ne7+ Kg7 50. Nd5 Rf1+ 51. Kc2 Rf2+ 52. Kc1 Rf1+ 53. Kc2 Rf2+ 54. Kc1 Rf1+ 55. Kc2 Rf2+ 1/2-1/2

[Event "21th IPCA World Individual Chp."]
[Site "followchess.com"]
[Date "2022.05.13"]
[Round "6"]
[White "Valenta, Vit Vaclav"]
[Black "Zilberman, Yaacov"]
[Result "0-1"]
[WhiteElo "2014"]
[BlackElo "2315"]
[ECO "B45"]
[WhiteFed "CZE"]
[BlackFed "ISR"]
[FCGameId "1390263249"]
[WhiteFideId "307440"]
[BlackFideId "2801612"]
[TimeControl "5400+30"]

1. e4 c5 2. Nc3 e6 3. Nge2 Nc6 4. d4 cxd4 5. Nxd4 d6 6. g3 Nf6 7. Bg2 Bd7 8. O-O a6 9. a4 Be7 10. Be3 O-O 11. Nxc6 Bxc6 12. Qe2 Rc8 13. Rfd1 Qc7 14. Rac1 Rfd8 15. Rd2 Qa5 16. Rcd1 h6 17. Rd4 e5 18. b4 Qc7 19. R4d2 Bd7 20. Rd3 Be6 21. a5 Bc4 22. Bb6 Bxd3 23. Rxd3 Qc4 24. Bxd8 Rxd8 25. Bh3 Qxb4 26. Nd5 Nxd5 27. Rxd5 b5 28. axb6 Qxb6 29. Bf1 Ra8 30. Qc4 g6 31. Qb3 Qc7 32. Qc4 Qxc4 33. Bxc4 a5 34. Rd3 Ra7 35. Bd5 Kg7 36. Ra3 Bd8 37. Ra4 Bb6 38. Kg2 Bc5 39. c3 h5 40. Bc6 Rc7 41. Bb5 Bb6 42. c4 f5 43. f3 fxe4 44. fxe4 Rf7 45. Ra2 g5 46. Rd2 Rf6 47. Bc6 Bc5 48. Rb2 Kh6 49. h3 g4 50. hxg4 hxg4 51. Bd7 Kg5 52. Rb8 Rf2+ 53. Kh1 Ra2 54. Ra8 Kf6 55. Bc6 Ke7 56. Re8+ Kf7 57. Ra8 Kg7 58. Bd7 Bf2 59. Bc6 Bxg3 60. Bd5 Bf2 61. Rg8+ Kh7 62. Rxg4 Bc5 63. Rg8 a4 64. Ra8 a3 65. Be6 Rb2 66. Bf5+ Kg7 67. Rd8 a2 68. Rd7+ Kf6 0-1

[Event "21th IPCA World Individual Chp."]
[Site "followchess.com"]
[Date "2022.05.13"]
[Round "6"]
[White "Srimskov, Elishar"]
[Black "Lipilin, Ilia"]
[Result "0-1"]
[WhiteElo "1992"]
[BlackElo "2198"]
[ECO "A06"]
[WhiteFed "ISR"]
[BlackFed "RUS"]
[FCGameId "-1194377446"]
[WhiteFideId "2807254"]
[BlackFideId "54113245"]
[TimeControl "5400+30"]

1. Nf3 f5 2. d3 Nc6 3. e4 e5 4. Nc3 Nf6 5. Bg5 Bb4 6. Be2 O-O 7. O-O Bxc3 8. bxc3 h6 9. Bc1 d6 10. exf5 Bxf5 11. Nh4 Be6 12. Ng6 Re8 13. f4 Nd5 14. Qe1 exf4 15. Nxf4 Nxf4 16. Rxf4 Qe7 17. Bh5 Bf7 18. Qxe7 Rxe7 19. Bf3 Re1+ 20. Kf2 Rae8 21. Re4 R8xe4 22. Bxe4 Rh1 23. c4 Nb4 24. Rb1 b6 25. Rxb4 Rxc1 26. Rb2 Be8 27. Ke3 Ba4 28. Kd2 Rh1 29. h3 Kf7 30. c3 Kf6 31. Ke3 Re1+ 32. Kd4 Ke6 33. Bd5+ Kd7 34. Ba8 c5+ 35. Kd5 Re5# 0-1

[Event "21th IPCA World Individual Chp."]
[Site "followchess.com"]
[Date "2022.05.13"]
[Round "6"]
[White "Aleksandrova, Aleksandra"]
[Black "Alperovich, Asher"]
[Result "0-1"]
[WhiteElo "1687"]
[BlackElo "1865"]
[ECO "A45"]
[WhiteFed "ISR"]
[BlackFed "ISR"]
[FCGameId "1529491613"]
[WhiteFideId "4144198"]
[BlackFideId "2803275"]
[TimeControl "5400+30"]

1. d4 Nf6 2. Nd2 d5 3. e3 c5 4. dxc5 g6 5. Nb3 Bg7 6. Nf3 O-O 7. Bd3 Na6 8. Qe2 Qc7 9. Bxa6 bxa6 10. Bd2 Ne4 11. Ba5 Qc6 12. Nfd4 Qa4 13. Bc7 Bd7 14. O-O Rac8 15. f3 Rxc7 16. fxe4 e5 17. c6 Bc8 18. Nc5 Qb4 19. Nd3 Qc4 20. b3 Qc3 21. exd5 exd4 22. e4 Re8 23. g4 Rce7 24. Qf3 Rxe4 25. Qxf7+ Kh8 26. h3 Qxc2 27. Nf2 R4e7 28. Qf3 Qc3 29. Qxc3 dxc3 30. d6 Rd7 31. cxd7 Bxd7 32. Rae1 Be5 33. Ne4 Kg7 34. Nc5 Bd4+ 35. Kh2 Bxc5 36. Rxe8 Bxe8 37. Re1 Bxd6+ 38. Kg2 Bc6+ 39. Kf2 c2 40. Rc1 Bc5+ 41. Ke2 Be4 42. Kd2 Ba3 43. Rxc2 Bxc2 44. Kxc2 Kf6 45. Kd3 Kg5 0-1

[Event "21th IPCA World Individual Chp."]
[Site "followchess.com"]
[Date "2022.05.13"]
[Round "6"]
[White "Gerasimova, Svetlana"]
[Black "Cosic, Radoslav"]
[Result "0-1"]
[WhiteElo "1906"]
[BlackElo "2003"]
[ECO "B07"]
[WhiteFed "RUS"]
[BlackFed "CRO"]
[FCGameId "-1459912750"]
[WhiteFideId "4145968"]
[BlackFideId "14504367"]
[TimeControl "5400+30"]

1. e4 d6 2. d4 g6 3. Nc3 Bg7 4. Be3 a6 5. Qd2 b5 6. f3 e6 7. h4 h5 8. O-O-O Nd7 9. Nh3 Nb6 10. Ng5 Nf6 11. Qf2 O-O 12. g4 Nc4 13. Bxc4 bxc4 14. e5 dxe5 15. dxe5 Nd5 16. gxh5 Bxe5 17. f4 Bxc3 18. bxc3 Qf6 19. Ne4 Qf5 20. Ng3 Qg4 21. Rxd5 exd5 22. Bd4 Re8 23. hxg6 fxg6 24. h5 g5 25. fxg5 Qxg5+ 26. Kb1 Rb8+ 27. Ka1 Rf8 28. Qe1 Bg4 29. h6 Kh7 30. Nf1 Rbe8 31. Qb1 Qf4 32. Nh2 Bh5 33. Qb7 Qd6 34. Qa7 Rf7 35. Bc5 Qc6 36. Be3 Qe6 37. Re1 Qd6 38. Nf1 c5 0-1

[Event "21th IPCA World Individual Chp."]
[Site "followchess.com"]
[Date "2022.05.13"]
[Round "6"]
[White "Shapiro, Benny"]
[Black "Oliel, Yehonatan"]
[Result "1-0"]
[WhiteElo "1884"]
[BlackElo "1535"]
[ECO "E16"]
[WhiteFed "ISR"]
[BlackFed "ISR"]
[FCGameId "223623673"]
[WhiteFideId "2801582"]
[BlackFideId "2834928"]
[TimeControl "5400+30"]

1. d4 Nf6 2. Nf3 e6 3. c4 b6 4. g3 Bb7 5. Bg2 c5 6. d5 exd5 7. Nh4 d6 8. Nc3 Nc6 9. cxd5 Ne7 10. Bg5 Ng6 11. Nf5 h6 12. Bxf6 Qxf6 13. Qa4+ Kd8 14. Bh3 a6 15. Nxg7 Qe7 16. Nf5 Qc7 17. f4 Ne7 18. Nxd6 Qxd6 19. Ne4 Qc7 20. d6 Qc6 21. dxe7+ Bxe7 22. O-O-O+ Kc7 23. Rd7+ Kb8 24. Qxc6 Bxc6 25. Rxe7 Rd8 26. Rd1 1-0

[Event "21th IPCA World Individual Chp."]
[Site "followchess.com"]
[Date "2022.05.13"]
[Round "6"]
[White "Freiberg, Doron"]
[Black "Mekus, Manuela"]
[Result "0-1"]
[WhiteElo "1244"]
[BlackElo "1644"]
[ECO "A49"]
[WhiteFed "ISR"]
[BlackFed "GER"]
[FCGameId "-1412062102"]
[WhiteFideId "2841312"]
[BlackFideId "16202562"]
[TimeControl "5400+30"]

1. d4 Nf6 2. Nf3 g6 3. g3 Bg7 4. Bg2 d6 5. O-O O-O 6. c4 Nbd7 7. Nc3 e5 8. d5 a5 9. Bg5 h6 10. Bd2 Nc5 11. Qc1 Kh7 12. Be3 Nfe4 13. Nd2 Nxd2 14. Qxd2 f5 15. Bxc5 dxc5 16. Na4 Qd6 17. Nc3 c6 18. Rad1 e4 19. f3 e3 20. Qc2 Bd4 21. dxc6 bxc6 22. f4 Rb8 23. Kh1 Be6 24. 
Rf3 Qc7 25. b3 Kg7 26. Rb1 Bd7 27. Nd1 Rbe8 28. Qc1 g5 29. fxg5 hxg5 30. Nxe3 g4 31. Nxf5+ Bxf5 32. Qg5+ Bg6 33. Rxf8 Rxf8 34. Be4 Qd6 35. Rd1 Qe6 36. Bd3 Rf2 37. Rc1 Rxe2 38. Rf1 Re1 39. Qxg6+ Qxg6 40. Rxe1 Qxd3 {-error} 0-1

[Event "21th IPCA World Individual Chp."]
[Site "followchess.com"]
[Date "2022.05.13"]
[Round "5"]
[White "Obodchuk, Andrei"]
[Black "Gurbanov, Andrei"]
[Result "0-1"]
[WhiteElo "2295"]
[BlackElo "2302"]
[ECO "C45"]
[WhiteFed "RUS"]
[BlackFed "ISR"]
[FCGameId "-631678049"]
[WhiteFideId "4114310"]
[BlackFideId "13503391"]
[TimeControl "5400+30"]

1. e4 e5 2. Nf3 Nc6 3. Nc3 Nf6 4. d4 exd4 5. Nxd4 Bb4 6. Nxc6 bxc6 7. Bd3 d5 8. exd5 cxd5 9. O-O O-O 10. h3 Be6 11. Qf3 Rb8 12. Bf4 Be7 13. b3 d4 14. Ne4 Nd5 15. Be5 f5 16. Ng3 g6 17. Bc4 Bf6 18. Rae1 Bf7 19. Bxd5 Bxd5 20. Qf4 Ba8 21. Bxc7 Qd5 22. f3 Rbc8 23. Be5 Rxc2 24. Bxf6 Rxf6 25. Re8+ Rf8 26. Rxf8+ Kxf8 27. Re1 Qd7 28. Qe5 Bd5 29. Rd1 Qc7 30. Qh8+ Bg8 31. Qf6+ Bf7 32. Rxd4 Ke8 33. Nf1 Rxa2 34. Qh8+ Ke7 35. Rd3 Re2 36. Re3+ Rxe3 37. Nxe3 Qc5 38. Qxh7 Qxe3+ 39. Kh2 Qxb3 40. Qh4+ Ke6 41. Qe1+ Kd7 42. Qa1 Qb6 43. f4 a5 44. Qg7 Qe6 45. Qd4+ Qd5 46. Qb6 Ke7 47. h4 Be8 48. Qe3+ Kf8 49. Qc3 a4 50. h5 gxh5 51. Qf6+ Bf7 52. Qh8+ Ke7 53. Qb8 Qe4 54. Kg3 Qe1+ 55. Kh2 Qe4 56. Kg3 Be8 57. Kh4 Kf8 58. Kg5 Qe7+ 59. Kxf5 Kg7 60. Qb2+ Kh7 0-1

[Event "21th IPCA World Individual Chp."]
[Site "followchess.com"]
[Date "2022.05.13"]
[Round "5"]
[White "Yarmonov, Igor"]
[Black "Babanov, Aleksandr"]
[Result "1-0"]
[WhiteElo "2394"]
[BlackElo "1929"]
[ECO "D13"]
[WhiteFed "UKR"]
[BlackFed "RUS"]
[FCGameId "-1253864184"]
[WhiteFideId "14114496"]
[BlackFideId "24117412"]
[TimeControl "5400+30"]

1. d4 d5 2. c4 c6 3. Nf3 Nf6 4. cxd5 cxd5 5. Nc3 e6 6. Bf4 Nc6 7. e3 Bb4 8. a3 Bxc3+ 9. bxc3 Qa5 10. Qb3 Ne4 11. Rc1 O-O 12. Bd3 Nf6 13. O-O Nh5 14. Be5 Nxe5 15. dxe5 g6 16. c4 Rb8 17. cxd5 exd5 18. Nd4 Ng7 19. Rc3 Bd7 20. Rfc1 Rfc8 21. Bb5 Rxc3 22. Rxc3 Be6 23. h3 h5 24. Be2 Bd7 25. Bf3 Rd8 26. Bxd5 Be8 27. e4 h4 28. Qb4 Rxd5 29. exd5 Qxd5 30. Rc5 Qe4 31. Nf3 Qxb4 32. axb4 b6 33. Rc8 Kf8 34. Nxh4 a5 35. Rb8 axb4 36. Rxb6 b3 37. Rxb3 Ne6 38. Nf3 Bc6 39. h4 Bd5 40. Rb8+ Ke7 41. Ng5 Nf4 42. g3 Nd3 43. f4 Kd7 44. Rb1 Ke7 45. Rd1 Bc4 46. Ra1 Bd5 47. Ra7+ Ke8 48. Rc7 Ba2 49. Kg2 Bd5+ 50. Kf1 Nb4 51. Ke2 Na6 52. Ra7 Nb4 53. Ke3 Nc6 54. Ra8+ Ke7 55. Ra6 Nb8 56. Ra7+ Ke8 57. g4 Nc6 58. Ra6 Nb4 59. Ra5 Bc4 60. Ra4 Nc2+ 61. Kd2 Bb3 62. Ra8+ Ke7 63. Kc3 Bd5 64. Ra7+ 1-0

[Event "21th IPCA World Individual Chp."]
[Site "followchess.com"]
[Date "2022.05.13"]
[Round "5"]
[White "Zilberman, Yaacov"]
[Black "Mikheev, Stanislav"]
[Result "1/2-1/2"]
[WhiteElo "2315"]
[BlackElo "2333"]
[ECO "D94"]
[WhiteFed "ISR"]
[BlackFed "SRB"]
[FCGameId "-138529200"]
[WhiteFideId "2801612"]
[BlackFideId "4135920"]
[TimeControl "5400+30"]

1. d4 Nf6 2. Nf3 g6 3. c4 Bg7 4. Nc3 d5 5. e3 O-O 6. Bd2 b6 7. cxd5 Nxd5 8. Bc4 Bb7 9. O-O e6 10. Rc1 Nd7 11. Qe2 c5 12. Rfd1 cxd4 13. exd4 N7f6 14. Ne5 Nxc3 15. bxc3 Nd5 16. Bd3 Qd6 17. c4 Ne7 18. Bc3 Rac8 19. Qb2 Rfd8 20. Be2 Nc6 21. c5 Qc7 22. Nc4 Ba6 23. Nd6 Bxe2 24. Qxe2 Rxd6 25. cxd6 Qxd6 26. d5 exd5 27. Bxg7 Kxg7 28. h3 Rd8 29. Qc2 Ne7 30. Qc7 Rd7 31. Qxd6 Rxd6 32. Rc7 Nc6 33. Rc1 Nd4 34. Kf1 Nb5 35. R7c6 Rf6 36. a4 Nd4 37. Rxf6 Kxf6 38. Rc7 Nb3 39. Rxa7 Nc5 40. Ke2 Ke6 41. g4 h6 42. f4 d4 43. Kd2 h5 44. Ke2 hxg4 45. hxg4 Kf6 46. Ra8 Ke6 47. Kf3 Kd5 48. Ra7 Ke6 49. Ke2 Kf6 50. Kf3 Ke6 51. Ke2 Kf6 1/2-1/2

[Event "21th IPCA World Individual Chp."]
[Site "followchess.com"]
[Date "2022.05.13"]
[Round "5"]
[White "Campos, Eugenio"]
[Black "Gerasimova, Svetlana"]
[Result "1-0"]
[WhiteElo "2247"]
[BlackElo "1906"]
[ECO "B31"]
[WhiteFed "ANG"]
[BlackFed "RUS"]
[FCGameId "679274133"]
[WhiteFideId "10100156"]
[BlackFideId "4145968"]
[TimeControl "5400+30"]

1. e4 c5 2. Nf3 Nc6 3. Bb5 g6 4. O-O Bg7 5. c3 e5 6. d3 Nge7 7. Be3 b6 8. d4 cxd4 9. cxd4 exd4 10. Nxd4 O-O 11. Nc3 Bb7 12. Rc1 Rc8 13. Qd2 Ne5 14. Qe2 f5 15. exf5 Nxf5 16. Nxf5 Rxf5 17. f4 Nc6 18. Rfd1 Qe7 19. Nd5 Qe4 20. Bd3 Nd4 21. Rxc8+ Bxc8 22. Bxe4 Nxe2+ 23. Kf2 Ba6 24. Ne7+ Kf7 25. Nxf5 gxf5 26. Bxf5 Bxb2 27. Rd2 Nc3 28. Rxd7+ 1-0